 Dungeon Crawl Stone Soup version 0.30-a0-728-gc68057be0a (webtiles) character file.

Game seed: 4855962962724463003

54 ragingrage the Slasher (level 3, -4/28 HPs)
             Began as a Barachi Warper on Jan 30, 2023.
             Slain by a gnoll
             ... wielding a +0 flail
              (7 damage)
             ... on level 2 of the Dungeon.
             The game lasted 00:01:36 (1321 turns).

ragingrage the Slasher (Barachi Warper)             Turns: 1321, Time: 00:01:36

Health: -4/28      AC:  3    Str: 12    XL:     3   Next: 91%
Magic:  6/6        EV: 12    Int: 13    God:
Gold:   39         SH:  0    Dex: 13    Spells: 6/6 levels left

rFire   . . .      SeeInvis .    a - +0 long sword
rCold   . . .      Faith    .    (no shield)
rNeg    . . .      Spirit   .    f - +0 leather armour
rPois   .          Reflect  .    (no helmet)
rElec   .          Harm     .    (no cloak)
rCorr   .          Rampage  .    (no gloves)
Will    .....                    (no boots)
Stlth   +                        (no amulet)
HPRegen 0.24/turn                (no ring)
MPRegen 0.10/turn                (no ring)

@: slow
A: amphibious, slowness 1, strong legs 1, +LOS
a: Hop


You were on level 2 of the Dungeon.
You visited 1 branch of the dungeon, and saw 2 of its levels.

You collected 39 gold pieces.

Inventory:

Hand Weapons
 a - a +0 long sword (weapon)
 b - a +0 sling
Missiles
 d - 7 boomerangs of dispersal (quivered)
Armour
 f - a +0 leather armour (worn)
Scrolls
 c - 2 scrolls of blinking
 e - a scroll of teleportation {unknown}
 h - a scroll of identify {unknown}
 j - a scroll of fog {unknown}
 l - a scroll of summoning {unknown}
Potions
 g - 2 potions of heal wounds {unknown}
 i - a potion of mutation {unknown}
 k - 2 potions of degeneration {unknown}


   Skills:
 - Level 2.4 Fighting
 + Level 5.0 Long Blades
 - Level 1.0 Throwing
 - Level 1.2 Armour
 - Level 2.1 Dodging
 - Level 2.1 Spellcasting
 - Level 3.2 Translocations


You had 6 spell levels left.
You didn't know any spells.
Your spell library contained the following spells:

 Spells                   Type           Power      Damage    Failure   Level
 Blink                    Tloc           18%        N/A       12%         2
 Lesser Beckoning         Tloc           18%        N/A       12%         2
 Teleport Other           Tloc           9%         N/A       24%         3
 Vhi's Electric Charge    Tloc/Air       10%        N/A       43%         3
 Manifold Assault         Tloc           9%         N/A       63%         4


Dungeon Overview and Level Annotations

Branches:
Dungeon (2/15)

Altars:

Annotations:
D:1 exclusion: downstairs


Innate Abilities, Weirdness & Mutations

You are amphibious.
You cover ground slowly.
You can hop short distances.
You have an extended range of vision and can be seen from far away.


Message History

There are monsters nearby!
There are monsters nearby!
b - a +0 sling (weapon)
You see here 2 stones.
There is a stone staircase leading up here.
Fire: b) +0 sling
Press: ? - help, Q - select action, (/) - cycle Shift-Dir - straight line, f - gnoll
Aim: a gnoll, wielding a +0 flail (58% to hit)
You shoot a sling bullet. The sling bullet hits the gnoll.
The gnoll is lightly wounded.
a - a +0 long sword (weapon)
You barely miss the gnoll.
The gnoll is lightly wounded.
The gnoll hits you but does no damage.
You closely miss the gnoll.
The gnoll is lightly wounded.
The gnoll closely misses you.
You hit the gnoll but do no damage.
The gnoll is lightly wounded.
The gnoll barely misses you. The gnoll hits you with a +0 flail.
You hit the gnoll.
The gnoll is severely wounded.
The gnoll hits you with a +0 flail.
You hit the gnoll but do no damage.
The gnoll is severely wounded.
The gnoll closely misses you.
You closely miss the gnoll.
The gnoll is severely wounded.
The gnoll hits you with a +0 flail.
You hit the gnoll.
The gnoll is almost dead.
The gnoll hits you with a +0 flail.
You barely miss the gnoll.
The gnoll is almost dead.
The gnoll hits you with a +0 flail!
* * * LOW HITPOINT WARNING * * *
You hit the gnoll but do no damage.
The gnoll is almost dead.
The gnoll barely misses you. The gnoll hits you with a +0 flail!
You die...

#### #..## #..######
#########.....))#
#.........##.##....#
#.......>.##.#####.#
#.........##)..###
..
#..........@g....#
... ..
#.........#####..#
#.. ... #####.#####
#(.# . ..g #.# #..#
.g.. #.# #.g###
..... #.#
#....####... #.#
###...#... #.#
######.#.#.# ##.#
#..........#


You could see a gnoll.

Vanquished Creatures
  2 adders (D:2)
  A worm (D:2)
  A dart slug (D:1)
  4 endoplasms
  A giant cockroach (D:2)
  4 goblins
  3 hobgoblins
  2 kobolds
  4 ball pythons (D:1)
  2 bats (D:1)
  3 frilled lizards (D:1)
  4 rats
31 creatures vanquished.

Notes
Turn   | Place    | Note
-------+----------+-------------------------------------------
     0 | D:1      | ragingrage the Barachi Warper began the quest for the Orb.
     0 | D:1      | Reached XP level 1. HP: 17/17 MP: 3/3
   136 | D:1      | Reached skill level 3 in Long Blades
   173 | D:1      | Reached XP level 2. HP: 23/23 MP: 5/5
   301 | D:1      | Found a faded altar of an unknown god.
   432 | D:1      | Reached skill level 4 in Long Blades
   563 | D:1      | Reached XP level 3. HP: 28/28 MP: 6/6
  1278 | D:2      | Reached skill level 5 in Long Blades
  1321 | D:2      | Slain by a gnoll

Illustrated notes

Levels and vault maps discovered:
D:1:      amcnicky_arrival_abandoned_market, layout_basic,
          ebering_ecumenical_altar_mist
D:2:      layout_rooms, serial_corexii_hall, corexii_hall_statues_l,
          corexii_hall_statues_l, basic_altar, minmay_pentomino_o2

Skill      XL: |  1  2  3 |
---------------+----------+-----
Long Blades    | 3 4 5 |  5.0
Fighting       | |  2.4
Throwing       | |  1.0
Armour         | |  1.2
Dodging        | |  2.1
Spellcasting   | |  2.1
Translocations | |  3.2

Action                     || total
---------------------------++-------
  Melee: Falchion          ||    57
         Punch             ||     1
         Long sword        ||    29
   Fire: Sling             ||    42
Ability: Hop               ||     1
 Armour: Leather armour    ||    38
  Dodge: Dodged            ||    68

Table legend: (Time is in decaauts)
 A = Elapsed time spent in this place.
 B = Non-inter-level travel time spent in this place.
 C = Inter-level travel time spent in this place.
 D = Time resting spent in this place.
 E = Time spent auto-exploring this place.
 F = Levels seen in this place.
 G = Mean time per level.
                   A        B        C        D        E       F      G
               +--------+--------+--------+--------+--------+-----+--------+
         Total |   1498 |   1396 |    102 |    289 |    777 |   2 |  749.0 |
       Dungeon |   1498 |   1396 |    102 |    289 |    777 |   2 |  749.0 |
               +--------+--------+--------+--------+--------+-----+--------+

Top non-repeatable levels by time:
     D:1: 988 daAuts
     D:2: 509 daAuts
